 Dungeon Crawl Stone Soup version 0.20.1-1-g8b1a95d (webtiles) character file.

2277 Monsterracer the Chopper (level 9, -1/70 HPs)
             Began as a Demonspawn Gladiator on July 27, 2017.
             Was a Priest of Okawaru.
             Slain by a two-headed ogre
             ... wielding a +0 giant club
              (16 damage)
             ... on level 8 of the Dungeon.
             The game lasted 00:11:26 (6453 turns).

Monsterracer the Chopper (Demonspawn Gladiator)     Turns: 6453, Time: 00:11:26

Health: -1/70      AC: 14    Str: 14    XL:     9   Next: 16%
Magic:  11/13      EV: 16    Int: 10    God:    Okawaru [***...]
Gold:   352        SH:  0    Dex: 18    Spells: 8/8 levels left

rFire    + . .     SeeInvis .   a - +1 war axe
rCold    . . .     Gourm    .   (no shield)
rNeg     . . .     Faith    .   o - +0 scale mail
rPois    +         Spirit   .   c - +0 helmet
rElec    .         Reflect  .   (no cloak)
rCorr    .         Harm     .   C - +0 pair of gloves
MR       .....                  g - +1 pair of boots
Stlth    ++........             (no amulet)
Regen    1.3/turn               e - ring of poison resistance
MPRegen  0.2/turn               f - ring of protection from fire

@: heroism
A: rugged brown scales 1, powered by death 2
a: Heroism, Renounce Religion


You were on level 8 of the Dungeon.
You worshipped Okawaru.
Okawaru was most pleased with you.
You were very hungry.

You visited 1 branch of the dungeon, and saw 8 of its levels.

You collected 352 gold pieces.

Inventory:

Hand Weapons
 a - a +1 war axe (weapon)
 b - a +3 flail of protection
Missiles
 d - 4 throwing nets (quivered)
Armour
 c - a +0 helmet (worn)
 g - a +1 pair of boots (worn)
 n - a +0 plate armour
 o - a +0 scale mail (worn)
 C - a +0 pair of gloves (worn)
Jewellery
 e - a ring of poison resistance (left hand)
 f - a ring of protection from fire (right hand)
Wands
 y - a wand of acid (11/15)
Scrolls
 h - a scroll of blinking
 i - 5 scrolls of recharging
 p - 3 scrolls of magic mapping
 q - a scroll of enchant weapon
 s - a scroll of teleportation
 u - 2 scrolls of fear
 D - 2 scrolls of remove curse
Potions
 k - a potion of cancellation
 r - a potion of heal wounds
 v - a potion of degeneration {unknown}
 w - 2 potions of might
 x - 2 potions of curing
 z - 3 potions of flight
 A - 3 potions of lignification {unknown}
 B - a potion of haste {unknown}
 F - a potion of magic {unknown}
 G - a potion of agility {unknown}
Comestibles
 j - a meat ration
 l - 3 royal jellies
 m - 7 fruits
 t - 8 bread rations


   Skills:
 + Level 5.1(10.1) Fighting
 * Level 7.7(12.7) Axes
 - Level 1.7(6.7) Throwing
 + Level 4.3(9.3) Armour
 + Level 5.0(10.0) Dodging
 + Level 5.3 Invocations


You had 8 spell levels left.
You didn't know any spells.

Dungeon Overview and Level Annotations

Branches:
Dungeon (8/15)             Temple (0/1) D:5
   Lair: D:8-11

Altars:
Cheibriados
Dithmenos
Makhleb
Okawaru
Ru

Shops:
D:7 ??[


Innate Abilities, Weirdness & Mutations

You are partially covered in rugged brown scales. (AC +1, +3% HP)
You regenerate health from kills.


Message History

The two-headed ogre barely misses you. The two-headed ogre misses you.
You slice the two-headed ogre!!
The two-headed ogre is heavily wounded.
The two-headed ogre barely misses you. x2
You hit the two-headed ogre.
The two-headed ogre is heavily wounded.
You slash the two-headed ogre!
The two-headed ogre is severely wounded.
The two-headed ogre hits you with a giant club.
The two-headed ogre hits you with a giant club!
* * * LOW HITPOINT WARNING * * *
Huge Dmg: -22%(-15hp) hp: 43%(30hp)
You slash the two-headed ogre!
The two-headed ogre is severely wounded.
You slash the orc!
You kill the orc!
The two-headed ogre hits you with a giant club!
* * * LOW HITPOINT WARNING * * *
The two-headed ogre hits you with a giant club!
You die...

#.........#
#.........#
#.........#
#.........#
#.........#
##.....!...#
...#..........#..
.......<.@O.....#
#....$....)...#..
......##.####...#
....#. ... ###
#.% . ..... #.
##.#....# ?
.......#
###...###


You could see a two-headed ogre.

Vanquished Creatures
  A hippogriff (D:7)
  A spriggan (D:7)
  Edmund (D:5)
  Duvessa (D:5)
  An orc warrior (D:5)
  3 ogres
  An ice beast (D:6)
  A centaur (D:5)
  A bullfrog (D:5)
  Dowan (D:5)
  A scorpion (D:4)
  4 killer bees (D:6)
  A howler monkey (D:4)
  3 crimson imps (D:7)
  2 hounds
  2 orc priests (D:5)
  2 jellies
  2 iguanas
  2 orc wizards (D:5)
  4 worker ants
  2 hound zombies
  A howler monkey zombie (D:7)
  A worker ant zombie (D:6)
  13 adders
  4 gnolls (D:6)
  A shadow imp (D:5)
  An ooze (D:6)
  An adder skeleton (D:4)
  3 worms
  A dart slug (D:1)
  5 leopard geckos
  16 orcs
  10 giant cockroaches
  9 goblins
  4 hobgoblins
  7 jackals
  5 quokkas
  2 ball pythons (D:2)
  6 bats
  3 frilled lizards
  7 kobolds
  8 rats
145 creatures vanquished.

Notes
Turn   | Place    | Note
-------+----------+-------------------------------------------
     0 | D:1      | Monsterracer the Demonspawn Gladiator began the quest for the Orb.
     0 | D:1      | Reached XP level 1. HP: 16/16 MP: 1/1
   141 | D:1      | Reached skill level 3 in Axes
   462 | D:1      | Gained mutation: You are partially covered in rugged brown scales. (AC +1, +3% HP) [demonic ancestry]
   462 | D:1      | Reached XP level 2. HP: 16/22 MP: 2/2
  1012 | D:2      | Reached XP level 3. HP: 27/27 MP: 3/3
  1085 | D:2      | Reached skill level 4 in Axes
  1234 | D:2      | Found a shadowy altar of Dithmenos.
  1404 | D:2      | Found an iron altar of Okawaru.
  1426 | D:2      | Reached XP level 4. HP: 17/33 MP: 4/4
  1426 | D:2      | HP: 16/33 [bat (1)]
  1433 | D:2      | Became a worshipper of Warmaster Okawaru
  1794 | D:3      | Noticed an ogre
  1957 | D:3      | Killed an ogre
  1957 | D:3      | Reached skill level 5 in Axes
  1957 | D:3      | Reached skill level 1 in Armour
  1957 | D:3      | Gained mutation: You regenerate a little health from kills. [demonic ancestry]
  1957 | D:3      | Reached XP level 5. HP: 22/40 MP: 5/5
  2151 | D:3      | Found a snail-covered altar of Cheibriados.
  2250 | D:3      | Found a sacrificial altar of Ru.
  2657 | D:4      | Reached XP level 6. HP: 48/48 MP: 6/6
  2841 | D:4      | Reached * piety under Okawaru
  3155 | D:5      | Entered Level 5 of the Dungeon
  3159 | D:5      | HP: 23/48 [iguana (8)]
  3161 | D:5      | Reached skill level 1 in Invocations
  3432 | D:5      | Reached XP level 7. HP: 52/53 MP: 8/8
  3466 | D:5      | Noticed Edmund
  3485 | D:5      | HP: 23/53 [Edmund/flail of protection (9)]
  3494 | D:5      | Killed Edmund
  3710 | D:5      | Found a burning altar of Makhleb.
  3744 | D:5      | Reached ** piety under Okawaru
  3744 | D:5      | Reached skill level 6 in Axes
  3930 | D:5      | Found a staircase to the Ecumenical Temple.
  4235 | D:5      | Noticed Duvessa
  4237 | D:5      | Noticed Dowan
  4244 | D:5      | Killed Duvessa
  4244 | D:5      | Gained mutation: You regenerate health from kills. [demonic ancestry]
  4244 | D:5      | Reached XP level 8. HP: 49/61 MP: 7/10
  4250 | D:5      | Killed Dowan
  4550 | D:6      | HP: 24/61 [ice beast (8)]
  4690 | D:6      | HP: 31/62 [adder (1)]
  4695 | D:6      | HP: 15/62 [poisoned by a killer bee]
  4700 | D:6      | HP: 19/62 [poisoned by a killer bee]
  4702 | D:6      | Reached skill level 7 in Axes
  4705 | D:6      | HP: 21/62 [poisoned by a killer bee]
  4711 | D:6      | HP: 19/62 [poisoned by a killer bee]
  4716 | D:6      | HP: 18/62 [poisoned by a killer bee]
  4723 | D:6      | HP: 17/62 [poisoned by a killer bee]
  4731 | D:6      | HP: 17/62 [poisoned by a killer bee]
  5812 | D:7      | Found Obicha Xyci's Armour Shop.
  5896 | D:7      | Noticed a hippogriff
  5908 | D:7      | Killed a hippogriff
  5908 | D:7      | Reached *** piety under Okawaru
  5935 | D:7      | Found Raogenk's Magic Scroll Shop.
  5946 | D:7      | Reached skill level 5 in Fighting
  5946 | D:7      | Reached skill level 5 in Invocations
  6045 | D:7      | Reached XP level 9. HP: 70/70 MP: 12/12
  6350 | D:7      | Found Reufikk's Magic Scroll Shoppe.
  6438 | D:8      | Noticed a two-headed ogre
  6445 | D:8      | Reached skill level 5 in Dodging
  6452 | D:8      | HP: 30/70 [two-headed ogre/giant club (11)]
  6453 | D:8      | Slain by a two-headed ogre

Skill      XL: |  1  2  3  4  5  6  7  8  9 |
---------------+----------------------------+-----
Axes           | 3 4 5 6 7 |  7.7
Armour         | 1 2 4 |  4.3
Dodging        | 3 4 5 |  5.0
Fighting       | 3 4 5 |  5.1
Invocations    | 1 3 5 |  5.3
Throwing       | |  1.7

Action                   |  1- 3 |  4- 6 |  7- 9 || total
-------------------------+-------+-------+-------++-------
Melee: War axe           |    89 |   158 |   269 ||   516
       Flail             |       |     2 |       ||     2
       Punch             |       |       |     1 ||     1
Invok: Heroism           |       |       |     7 ||     7
  Use: Scroll            |       |    13 |     5 ||    18
 Stab: Sleeping          |     1 |       |       ||     1
  Eat: Chunk             |     2 |     6 |     9 ||    17
Armor: Leather armour    |     6 |       |       ||     6
       Scale mail        |    45 |    92 |   131 ||   268
Dodge: Dodged            |    61 |   116 |   198 ||   375
